 Dungeon Crawl Stone Soup version 0.30.1-11-g7821555f0a (webtiles) character file.

Game seed: 17049317395164637239

167 jagang the Slasher (level 5, -16/42 HPs)
             Began as a Human Monk on Dec 27, 2023.
             Demolished by Crazy Yiuf
             ... wielding a +3 quarterstaff of chaos
              (19 damage)
             ... on level 3 of the Dungeon.
             The game lasted 00:06:24 (2020 turns).

jagang the Slasher (Human Monk)                     Turns: 2020, Time: 00:06:24

Health: -16/42     AC:  6    Str: 11    XL:     5   Next: 76%
Magic:  5/5        EV: 13    Int: 12    God:
Gold:   159        SH:  0    Dex: 17    Spells: 4/4 levels left

rFire   . . .        r - +4 dagger
rCold   . . .        d - orb {light}
rNeg    . . .        o - +1 toga "Victory" {*Victory Int+1 Slay+1 Clar}
rPois   +            s - +2 helmet {SInv}
rElec   .            (no cloak)
rCorr   .            (no gloves)
SInv    +            (no boots)
Will    .....        (no amulet)
Stlth   +            k - ring of poison resistance
HPRegen 0.27/turn    (no ring)
MPRegen 0.09/turn

%: clarity
@: glowing
A: no striking features
a: no special abilities


You were on level 3 of the Dungeon.
You visited 1 branch of the dungeon, and saw 3 of its levels.

You collected 159 gold pieces.

Inventory:

Hand Weapons
 a - a +0 falchion
 r - a +4 dagger (weapon)
Armour
 d - an orb of light (worn)
 o - the +1 toga "Victory" (worn) {*Victory Int+1 Slay+1 Clar}
   (You found it on level 2 of the Dungeon)

   *Victory:  When the wearer kills a threatening monster, it has a chance to
   gain +1 AC, +1 Slay, and +1 Int, capping at +7.
   When the wearer uses a scroll or a potion with a hostile monster in sight,
   its bonuses reset to +0.
   Unequipping it also resets its bonuses to +0.
   Int:       It affects your intelligence (+1).
   Slay:      It affects your accuracy & damage with ranged weapons and melee
   (+1).
   Clar:      It protects you from confusion, rage, mesmerisation and fear.
 p - a +0 chain mail
 s - a +2 helmet of see invisible (worn)
Jewellery
 k - a ring of poison resistance (left hand)
Scrolls
 e - a scroll of silence {unknown}
 f - a scroll of immolation {unknown}
 g - 6 scrolls of identify {unknown}
 j - a scroll of vulnerability {unknown}
 l - a scroll of summoning {unknown}
 m - a scroll of brand weapon {unknown}
 n - a scroll of poison {unknown}
 q - 4 scrolls of enchant armour {unknown}
 t - 3 scrolls of fog {unknown}
Potions
 b - a potion of lignification {unknown}
 c - a potion of ambrosia
 h - a potion of degeneration {unknown}
 i - 2 potions of curing {unknown}


   Skills:
 + Level 4.1 Fighting
 + Level 4.2 Long Blades
 + Level 0.6 Throwing
 - Level 2.3 Armour
 + Level 3.1 Dodging


You had 4 spell levels left.
You didn't know any spells.
Your spell library was empty.

Dungeon Overview and Level Annotations

Branches:
Dungeon (3/15)

Altars:
Cheibriados
Wu Jian

Annotations:
D:3 Crazy Yiuf


Message History

The endoplasm closely misses you.
You hit the endoplasm.
You kill the endoplasm!
A giant cockroach comes into view.
Found a stone staircase leading down.
You hit the giant cockroach but do no damage.
The giant cockroach misses you.
You hit the giant cockroach.
The giant cockroach is moderately wounded.
The giant cockroach bites you.
You barely miss the giant cockroach.
The giant cockroach is moderately wounded.
The giant cockroach closely misses you.
You hit the giant cockroach.
You kill the giant cockroach!
No target in view!
You now have 159 gold pieces (gained 6).
Found a hammer.
Found a runed translucent door.
Crazy Yiuf shouts!
Crazy Yiuf laughs, "Liver!"
As you open the door, it creaks loudly!
You hit Crazy Yiuf.
Crazy Yiuf is lightly wounded.
You hit Crazy Yiuf but do no damage.
Crazy Yiuf is lightly wounded.
Crazy Yiuf hits you with a +3 quarterstaff of chaos!
You hit Crazy Yiuf.
Crazy Yiuf is lightly wounded.
Crazy Yiuf hits you with a +3 quarterstaff of chaos!
You hit Crazy Yiuf.
Crazy Yiuf is heavily wounded.
Crazy Yiuf hits you with a +3 quarterstaff of chaos!
Crazy Yiuf freezes you.
* * * LOW HITPOINT WARNING * * *
You hit Crazy Yiuf but do no damage.
Crazy Yiuf is heavily wounded.
Crazy Yiuf hits you with a +3 quarterstaff of chaos!
* * * LOW HITPOINT WARNING * * *
You are electrocuted!!
You die...

#...>.###
#.##### #.#
##### #.#
#)..# ###.#
#...# #...#
... #.###
#g# #.#
♣@♣♣ ##.###
♣♣.♣ #....#
♣.♣♣
##.#.#####
♣♣.♣
#.........
♣♣.♣♣
#.........
♣...♣
#...######
♣♣...♣
##.##
#....# #.#
##..#####.#


You could see Crazy Yiuf.

Vanquished Creatures
  An orc wizard (D:3)
  A mummy (D:3)
  Robin (D:3)
  3 adders
  3 worms
  6 orcs (D:3)
  3 ball pythons
  4 bats
  4 endoplasms
  4 giant cockroaches
  16 goblins
  9 hobgoblins
  4 quokkas
  4 frilled lizards
  6 kobolds
  3 rats
72 creatures vanquished.

Notes
Turn   | Place    | Note
-------+----------+-------------------------------------------
     0 | D:1      | jagang the Human Monk began the quest for the Orb.
     0 | D:1      | Reached XP level 1. HP: 18/18 MP: 1/1
    95 | D:1      | Reached XP level 2. HP: 20/24 MP: 2/2
   214 | D:1      | Reached skill level 1 in Armour
   474 | D:1      | Reached XP level 3. HP: 29/29 MP: 3/3
   863 | D:2      | Reached XP level 4. HP: 35/35 MP: 4/4
   959 | D:2      | Found the +0 toga "Victory" {*Victory Clar}
  1408 | D:3      | Found an ornate altar of the Wu Jian Council.
  1583 | D:3      | Noticed Robin
  1604 | D:3      | Killed Robin
  1605 | D:3      | Reached XP level 5. HP: 26/42 MP: 5/5
  1847 | D:3      | Found a snail-covered altar of Cheibriados.
  2011 | D:3      | Found a runed translucent door.
  2012 | D:3      | Noticed Crazy Yiuf
  2020 | D:3      | Demolished by Crazy Yiuf

Illustrated notes

Levels and vault maps discovered:
D:1:      lemuel_arrival_room, layout_basic
D:2:      layout_rooms, kennysheep_doodads, minmay_worlds_worst_comb
D:3:      layout_loops_ring, nzn_wu_jian_contemplation, slow_altar_1,
          wad_rectangle_vault, uniq_crazy_yiuf_cottage, uniq_robin

Skill      XL: |  1  2  3  4  5 |
---------------+----------------+-----
Armour         | 1 2 |  2.3
Long Blades    | 4 |  4.2
Fighting       | 4 |  4.1
Throwing       | |  0.6
Dodging        | |  3.1

Action                     |  1- 3 |  4- 6 || total
---------------------------+-------+-------++-------
  Melee: Falchion          |    82 |   110 ||   192
         Dagger            |       |    19 ||    19
 Armour: Robe              |    17 |    11 ||    28
  Dodge: Dodged            |    60 |    55 ||   115
